 Dungeon Crawl Stone Soup version 0.17-a0-1714-g35622ae (webtiles) character file.

14742 kae the Fencer (level 11, -1/99 HPs)
             Began as a Minotaur Fighter on Aug 23, 2015.
             Was a High Priest of Makhleb.
             Slain by an eight-headed hydra (3 damage)
             ... on level 2 of the Lair of Beasts.
             The game lasted 00:20:40 (13980 turns).

kae the Fencer (Minotaur Fighter)                  Turns: 13980, Time: 00:20:40

Health: -1/99      AC: 15    Str: 27    XL:     11   Next: 92%
Magic:  15/15      EV: 10    Int:  7    God:    Makhleb [*****.]
Gold:   641        SH:  0    Dex:  9    Spells: 0 memorised, 10 levels left

rFire  . . .     SeeInvis .     e - +2 triple sword (holy)
rCold  . . .     Clarity  .     b - +1 scale mail
rNeg   . . .     SustAt   .     (no shield)
rPois  .         Gourm    .     (helmet restricted)
rElec  .         Spirit   .     A - +2 cloak
rCorr  .         Warding  .     g - +0 pair of gloves
rMut   .         Stasis   .     (no boots)
MR     .....                    (no amulet)
Stlth  ..........               p - +4 ring of strength
                                G - +1 ring of protection

@: hasted, very quick, not resistant to hostile enchantments, extremely
unstealthy
A: retaliatory headbutt, horns 2
a: Minor Destruction, Lesser Servant of Makhleb, Major Destruction, Greater
Servant of Makhleb, Renounce Religion


You were on level 2 of the Lair of Beasts.
You worshipped Makhleb.
Makhleb was extremely pleased with you.
You were not hungry.

You visited 3 branches of the dungeon, and saw 13 of its levels.
You also visited: Ossuary.

You collected 769 gold pieces.
You spent 128 gold pieces at shops.

Inventory:

Hand weapons
 a - a +0 long sword
 d - a +3 falchion of slicing
 e - a +2 triple sword of holy wrath (weapon)
Armour
 b - a +1 scale mail (worn)
 c - a +0 shield
 g - a +0 pair of gloves (worn)
 A - a +2 cloak (worn)
 R - a +2 shield
Rods
 E - a +0 iron rod (11/11)
   (You found it on level 6 of the Dungeon)
Jewellery
 p - a +4 ring of strength (right hand)
 r - an uncursed ring of wizardry
 y - an uncursed ring of magical power
 G - a +1 ring of protection (left hand)
 I - an uncursed amulet of warding {unknown}
 U - an uncursed ring of wizardry
 V - an uncursed amulet of rage {unknown}
Magical devices
 k - a wand of magic darts (24)
 v - a wand of digging (16)
 D - a wand of random effects (26)
 Q - a wand of teleportation (2)
Scrolls
 i - 6 scrolls of recharging
 j - 6 scrolls of remove curse
 l - 2 scrolls of holy word
 m - 2 scrolls of magic mapping
 B - a scroll of enchant armour
 C - 5 scrolls of identify
 J - 3 scrolls of teleportation
 N - a scroll of fear
 T - 2 scrolls of fog
Potions
 f - 4 potions of curing
 o - 2 potions of cancellation
 u - 2 potions of brilliance
 x - a potion of flight
 K - 6 potions of mutation
 L - a potion of lignification
 M - a potion of might
Books
 n - a book of the Tempests

   Spells                             Type                      Level
   a - Static Discharge               Conjuration/Air              3
   b - Lightning Bolt                 Conjuration/Air              5
   c - Fireball                       Conjuration/Fire             5
   d - Tornado                        Air                          9
   e - Shatter                        Earth                        9
 s - a book of Conjurations

   Spells                             Type                      Level
   a - Magic Dart                     Conjuration                  1
   b - Searing Ray                    Conjuration                  2
   c - Dazzling Spray                 Conjuration/Hexes            3
   d - Fulminant Prism                Conjuration/Hexes            4
   e - Iskenderun's Mystic Blast      Conjuration                  4
   f - Iskenderun's Battlesphere      Conjuration/Charms           5
 F - a book of Geomancy

   Spells                             Type                      Level
   a - Sandblast                      Earth                        1
   b - Stoneskin                      Transmutation/Earth          2
   c - Passwall                       Transmutation/Earth          3
   d - Stone Arrow                    Conjuration/Earth            3
   e - Petrify                        Transmutation/Earth          4
   f - Lee's Rapid Deconstruction     Earth                        5
 H - a Fen Folio

   Spells                             Type                      Level
   a - Corpse Rot                     Necromancy                   2
   b - Stone Arrow                    Conjuration/Earth            3
   c - Leda's Liquefaction            Hexes/Earth                  4
   d - Summon Forest                  Summoning/Translocation      5
   e - Hydra Form                     Transmutation                6
   f - Summon Hydra                   Summoning                    7
 S - a book of the Warp

   Spells                             Type                      Level
   a - Recall                         Summoning/Translocation      3
   b - Gell's Gravitas                Hexes/Translocation          3
   c - Force Lance                    Conjuration/Translocation    4
   d - Phase Shift                    Translocation                5
   e - Warp Weapon                    Charms/Translocation         5
   f - Summon Forest                  Summoning/Translocation      5
Comestibles
 h - 11 fruits
 q - 4 meat rations
 t - 2 royal jellies
 w - 10 slices of pizza
 z - 7 bread rations
 O - 2 beef jerkies


   Skills:
 - Level 10.1 Fighting
 - Level 16.0 Long Blades
 - Level 10.1 Armour
 - Level 3.6 Shields
 + Level 7.4 Invocations


You had 10 spell levels left.
You didn't know any spells.

Dungeon Overview and Level Annotations

Branches:
Dungeon (10/15)            Temple (1/1) D:5            Lair (2/8) D:10
    Orc: D:9-12

Altars:
Ashenzari
Cheibriados
Dithmenos
Elyvilon
Fedhas
Gozag
Kikubaaqudgha
Makhleb
Nemelex Xobeh
Okawaru
Qazlal
Ru
Sif Muna
Trog
Vehumet
Xom
Yredelemnul
Zin
The Shining One

Shops:
D:5 *


Innate Abilities, Weirdness & Mutations

You reflexively headbutt those who attack you in melee.
You have a pair of horns on your head.


Message History

* * * LOW HITPOINT WARNING * * *
The eight-headed hydra bites you.
* * * LOW HITPOINT WARNING * * *
The eight-headed hydra bites you but does no damage.
The eight-headed hydra barely misses you. x2
Read which item? (? for menu, Esc to quit)
Okay, then.
Drink which item? (? for menu, Esc to quit)
Okay, then.
Drink which item? (? for menu, Esc to quit)
You feel yourself speed up.
The eight-headed hydra bites you but does no damage.
The eight-headed hydra bites you.
* * * LOW HITPOINT WARNING * * *
The eight-headed hydra bites you!
* * * LOW HITPOINT WARNING * * *
The eight-headed hydra bites you!
* * * LOW HITPOINT WARNING * * *
The eight-headed hydra bites you.
You die...

#.........
...........
#......P#
............. ...#
##......# #....
#......## #..P #
#.......###..#
#######.......#...#
..##........####..#
.............P#.D?#
....?.......P...@.#
...##..##.#P......##
..####.#..........P#
..# .........#...##
...#...P..........#
.......#..........#
..............#...#
.......P..........#
....... #.##.+#....


You could see an eight-headed hydra.

Vanquished Creatures
  Erolcha (D:10)
  A centaur warrior (D:10)
  2 hill giants (D:10)
  A gargoyle (D:10)
  2 spiny frogs
  2 komodo dragons (Lair:1)
  2 hungry ghosts
  A wyvern (D:9)
  Eustachio (D:6)
  Grum (D:9)
  A steam dragon (D:7)
  10 yaks
  Menkaure (D:7)
  A human (D:10)
  6 wolves
  2 insubstantial wisps (D:7)
  A hippogriff (D:9)
  4 necrophages (D:8)
  Duvessa (D:6)
  4 orc warriors
  4 water moccasins
  5 ogres
  4 ice beasts
  2 black bears
  An eye of draining (D:7)
  A phantom (D:8)
  15 centaurs
  2 crocodiles (Lair:1)
  7 sky beasts
  5 giant frogs
  3 big kobolds
  Blork the orc (D:4)
  Dowan (D:6)
  A water moccasin zombie (D:8)
  12 killer bees
  2 scorpions
  4 crimson imps
  3 jellies
  A centaur zombie (Ossuary)
  A wight (D:10)
  2 giant frog skeletons
  2 orc priests
  8 hounds
  A giant frog zombie (D:10)
  5 orc wizards
  4 iguanas
  4 centaur skeletons
  10 worker ants
  4 big kobold zombies (Ossuary)
  A hound skeleton (D:10)
  5 mummies (Ossuary)
  3 worker ant zombies
  Robin (D:2)
  7 gnolls
  20 river rats (Lair:1)
  11 adders
  2 shadow imps
  2 oozes
  An adder skeleton (D:9)
  3 worms
  7 giant geckos
  30 orcs
  5 bats
  5 giant cockroaches
  15 hobgoblins
  7 jackals
  9 quokkas
  2 ball pythons
  7 giant newts
  15 goblins
  4 hobgoblin zombies (Ossuary)
  A jackal skeleton (D:4)
  20 kobolds
  2 quokka skeletons
  9 rats
  A bush (D:8)
355 creatures vanquished.

Vanquished Creatures (others)
  A wizard (D:3)
  2 fungi (Lair:1)
  3 plants (D:8)
6 creatures vanquished.

Grand Total: 361 creatures vanquished

Notes
Turn   | Place    | Note
--------------------------------------------------------------
     0 | D:1      | kae the Minotaur Fighter began the quest for the Orb.
     0 | D:1      | Reached XP level 1. HP: 19/19 MP: 0/0
   179 | D:1      | Reached XP level 2. HP: 24/26 MP: 1/1
   259 | D:1      | Reached skill level 4 in Long Blades
   816 | D:2      | Reached XP level 3. HP: 21/31 MP: 2/2
  1063 | D:2      | Found a glowing silver altar of Zin.
  1064 | D:2      | Reached skill level 5 in Long Blades
  1072 | D:2      | Noticed Robin
  1078 | D:2      | Killed Robin
  1078 | D:2      | Reached XP level 4. HP: 39/39 MP: 3/3
  1920 | D:3      | Reached skill level 6 in Long Blades
  2025 | D:3      | Found a faded altar to an unknown god.
  2306 | D:3      | Found a bloodstained altar of Trog.
  2307 | D:3      | Noticed a wizard
  2311 | D:3      | Killed a wizard
  2419 | D:4      | Reached XP level 5. HP: 45/45 MP: 4/4
  2588 | D:4      | Reached skill level 7 in Long Blades
  2655 | D:4      | Noticed Blork the orc
  2664 | D:4      | Killed Blork the orc
  2664 | D:4      | Reached XP level 6. HP: 28/51 MP: 5/5
  3027 | D:4      | Reached skill level 8 in Long Blades
  3377 | D:4      | Noticed an ogre
  3389 | D:4      | Killed an ogre
  3389 | D:4      | Reached skill level 9 in Long Blades
  3446 | D:4      | Reached XP level 7. HP: 51/57 MP: 6/6
  3726 | D:5      | Entered Level 5 of the Dungeon
  3923 | D:5      | Found Zaudgh's Assorted Antiques.
  3931 | D:5      | Bought a scroll of identify for 66 gold pieces
  3931 | D:5      | Bought a scroll labeled JIGUTW OSTRUSK for 33 gold pieces
  3931 | D:5      | Bought a dark potion for 29 gold pieces
  3970 | D:5      | Reached skill level 10 in Long Blades
  4314 | D:5      | Found a staircase to the Ecumenical Temple.
  4329 | Temple   | Entered the Ecumenical Temple
  4421 | Temple   | Became a worshipper of Makhleb the Destroyer
  5108 | D:6      | Reached skill level 11 in Long Blades
  5177 | D:6      | Noticed Duvessa
  5177 | D:6      | Noticed Dowan
  5188 | D:6      | Killed Duvessa
  5188 | D:6      | Reached XP level 8. HP: 56/64 MP: 7/7
  5195 | D:6      | Killed Dowan
  5534 | D:6      | Noticed Eustachio
  5569 | D:6      | Killed Eustachio
  5569 | D:6      | Reached skill level 12 in Long Blades
  6310 | D:7      | Reached skill level 13 in Long Blades
  6348 | D:7      | Acquired Makhleb's first power
  6379 | D:7      | Found a shadowy altar of Dithmenos.
  6381 | D:7      | Noticed Menkaure
  6396 | D:7      | Killed Menkaure
  6486 | D:7      | Reached XP level 9. HP: 45/70 MP: 8/8
  6506 | D:7      | Reached skill level 14 in Long Blades
  6861 | D:7      | Reached skill level 15 in Long Blades
  7011 | D:7      | Found a sand-covered staircase.
  7015 | Ossuary  | Entered an ossuary
  7036 | Ossuary  | Acquired Makhleb's second power
  7395 | D:7      | Reached skill level 16 in Long Blades
  7497 | D:8      | Found a shadowy altar of Dithmenos.
  7584 | D:8      | Reached XP level 10. HP: 78/78 MP: 9/9
  7849 | D:8      | Found a blossoming altar of Fedhas.
  8565 | D:8      | Acquired Makhleb's third power
  8580 | D:8      | Reached skill level 5 in Fighting
  8610 | D:8      | Reached skill level 5 in Armour
  9381 | D:9      | Found an opulent altar of Gozag.
  9781 | D:9      | Noticed Grum
  9807 | D:9      | Killed Grum
  9963 | D:9      | Acquired Makhleb's fourth power
  9995 | D:9      | Found a glowing golden altar of the Shining One.
 10357 | D:9      | Reached XP level 11. HP: 86/93 MP: 10/10
 10639 | D:9      | Found an ancient bone altar of Kikubaaqudgha.
 10639 | D:9      | Found a deep blue altar of Sif Muna.
 10783 | D:10     | Entered Level 10 of the Dungeon
 10829 | D:10     | Noticed Erolcha
 11165 | D:9      | Identified a scroll of acquirement
 11190 | D:10     | Killed Erolcha
 11429 | D:10     | Noticed a centaur warrior
 11433 | D:10     | Killed a centaur warrior
 11451 | D:10     | Acquired Makhleb's fifth power
 11520 | D:10     | Noticed a hill giant
 11523 | D:10     | Killed a hill giant
 11523 | D:10     | Reached skill level 10 in Fighting
 11523 | D:10     | Reached skill level 10 in Armour
 11584 | D:10     | Reached skill level 1 in Invocations
 11860 | D:10     | Noticed a hill giant
 11868 | D:10     | Killed a hill giant
 11940 | D:10     | Found a staircase to the Lair.
 12286 | Lair:1   | Entered Level 1 of the Lair of Beasts
 12432 | Lair:1   | Reached skill level 5 in Invocations
 12769 | Lair:1   | Found a sacrificial altar of Ru.
 13730 | Lair:2   | Noticed a five-headed hydra
 13980 | Lair:2   | HP: 2/99 [eight-headed hydra (7)]
 13980 | Lair:2   | Slain by an eight-headed hydra

Vault maps used:
D:1:      dpeg_arrival_circle_labyrinth_c
D:2:      zin_scriptorium, serial_forest, infiniplex_forest_lined_2,
          infiniplex_forest_end_1, infiniplex_forest_clump_cross,
          infiniplex_forest_straight_5, infiniplex_forest_clump_tiny,
          infiniplex_forest_straight_2, uniq_robin
D:3:      ecumenical_altar_1, first_bread, trog_wizard
D:4:      corexii_shack_village, uniq_blork_the_orc
D:5:      temple_hall, serial_shops, shop
D:6:      uniq_duvessa, uniq_eustachio
D:7:      enter_ossuary_5, basic_altar, hangedman_misty_isle, uniq_menkaure
D:8:      nicolae_dithmenos_shadow_blocks, fedhas_altar_decomposition
D:9:      grunt_gozag_breadcrumbs, old_standard_altar,
          gammafunk_temple_overflow_statue, uniq_grum
D:10:     forest_paths, grunt_pizzeria, kennysheep_generic_room_6, uniq_erolcha
Temple:   zaba_magenta_temple_12
Lair:1:   basic_altar, grunt_megastairs_1
Lair:2:   nicolae_lair_grove_arrangements
Ossuary:  ossuary_the_hunt_dpeg

Action                   |  1- 3 |  4- 6 |  7- 9 | 10-12 || total
-------------------------+-------+-------+-------+-------++-------
Melee: Long sword        |    68 |   198 |   148 |       ||   414
       Falchion          |       |       |   218 |   331 ||   549
       Triple sword      |       |       |       |   203 ||   203
Invok: Minor Destruction |       |       |       |     3 ||     3
       Lesser Servant of |       |       |       |     2 ||     2
  Use: Scroll            |       |    10 |     6 |    10 ||    26
       Potion            |       |     1 |     3 |     3 ||     7
  Eat: Chunk             |       |     8 |     9 |    15 ||    32
       Bread ration      |       |     1 |       |     1 ||     2
       Beef jerky        |       |       |       |     2 ||     2
       Fruit             |       |       |       |     1 ||     1
       Pizza             |       |       |       |     1 ||     1
